 Dungeon Sprint DCSS version 0.18.1-48-g4cf74bf (webtiles) character file.

2215 Joat the Blocker (level 9, -3/105 HPs)
             Began as an Octopode Monk on Aug 26, 2016.
             Was the Champion of Vehumet.
             Slain by a vault guard
             ... wielding a +0 battleaxe
              (23 damage)
             ... in the Dungeon (Sprint V: "Ziggurat Sprint").
             The game lasted 00:11:33 (782 turns).

Joat the Blocker (Octopode Monk)                     Turns: 782, Time: 00:11:35

Health: -3/105     AC:  2    Str: 22    XL:     9   Next: 35%
Magic:  9/9        EV: 25    Int: 24    God:    Vehumet [******]
Gold:   0          SH: 18    Dex: 30    Spells: 1 memorised, 2 levels left

rFire  . . .     SeeInvis .       - Unarmed
rCold  + + .     Gourm    .     K - +3 shield
rNeg   + + .     Faith    .     (helmet restricted)
rPois  +         Spirit   .     P - amulet of Cekugob {Dismiss -Tele rElec rPois rN++ AC+1 EV+1}
rElec  +         Dismiss  +     w - +6 ring of dexterity
rCorr  .         Reflect  .     y - +6 ring of intelligence
SustAt .         Harm     .     x - +6 ring of dexterity
MR     .....     NoTele   +     z - +6 ring of intelligence
Stlth  ..........               A - +6 ring of strength
                                B - +6 ring of strength
                                M - ring of flight
                                T - ring of the Tempest {+Inv rElec rC++ Str-5 Stlth-}

@: berserking, very quick, not resistant to hostile enchantments, extremely
unstealthy
A: almost no armour, amphibious, 8 rings, constrict 8, camouflage 1, gelatinous
body 1
a: Renounce Religion, Evoke Invisibility, Evoke Flight


You were in the Dungeon.
You worshipped Vehumet.
Vehumet was exalted by your worship.
You were not hungry.

You visited 1 branch

Inventory:

Hand Weapons
 G - the +6 Majin-Bo {vamp, Archmagi MP+6 Int+6}
   (You found it in the Dungeon)

   It inflicts no extra harm, but heals its wielder somewhat when it strikes a
   living foe.
   It affects your intelligence (+6).
   It affects your magic capacity (+6).
Armour
 H - the +18 shield of the gong {rElec rN+ MR+ EV-5}
   (You found it in the Dungeon)

   It affects your evasion (-5).
   It insulates you from electricity.
   It protects you from negative energy.
   It affects your resistance to hostile enchantments.
 I - a +3 buckler
 J - a +3 large shield
 K - a +3 shield (worn)
Magical Staves
 N - an uncursed staff of energy
Jewellery
 w - a +6 ring of dexterity (left tentacle)
 x - a +6 ring of dexterity (on tentacle)
 y - a +6 ring of intelligence (right tentacle)
 z - a +6 ring of intelligence (on tentacle)
 A - a +6 ring of strength (on tentacle)
 B - a +6 ring of strength (on tentacle)
 M - a ring of flight (on tentacle)
 P - the amulet of Cekugob (around mantle) {Dismiss -Tele rElec rPois rN++ AC+1 EV+1}
   (You found it in the Dungeon)

   [amulet of dismissal]

   It may teleport away creatures that harm you.
   It affects your AC (+1).
   It affects your evasion (+1).
   It insulates you from electricity.
   It protects you from poison.
   It greatly protects you from negative energy.
   It prevents most forms of teleportation.
 T - the ring of the Tempest (on tentacle) {+Inv rElec rC++ Str-5 Stlth-}
   (You found it in the Dungeon)

   [ring of loudness]

   It affects your strength (-5).
   It greatly protects you from cold.
   It insulates you from electricity.
   It lets you turn invisible.
   It makes you less stealthy.
Wands
 C - a wand of disintegration (7/24)
 D - a wand of iceblast (5/15)
 E - a wand of lightning (5/15)
 F - a wand of acid (5/15)
Scrolls
 g - 4 scrolls of blinking
 n - 4 scrolls of amnesia
 o - 3 scrolls of recharging
 p - 7 scrolls of fog
 q - a scroll of holy word
 r - 5 scrolls of identify
 s - 5 scrolls of remove curse
 t - 2 scrolls of fear
 S - 4 scrolls of enchant armour
Potions
 b - 9 potions of curing
 c - 9 potions of heal wounds
 d - 6 potions of haste
 e - 7 potions of magic
 f - 2 potions of berserk rage
 h - 2 potions of brilliance
 i - 2 potions of invisibility
 j - 4 potions of resistance
 l - 5 potions of agility
 m - 5 potions of might
Books
 Q - the Disquisition on the Ashen Voyage
   (You found it in the Dungeon)

   Spells                             Type                      Level
   a - Portal Projectile              Translocation                3
   b - Teleport Other                 Translocation                3
   c - Warp Weapon                    Charms/Translocation         5
   d - Shatter                        Earth                        9
 R - a book of Transfigurations

   Spells                             Type                      Level
   a - Irradiate                      Conjuration/Transmutation    5
   b - Statue Form                    Transmutation/Earth          6
   c - Hydra Form                     Transmutation                6
   d - Dragon Form                    Transmutation                7
Miscellaneous
 L - a disc of storms
 O - a crystal ball of energy
Comestibles
 a - 5 bread rations
 k - 9 chunks of flesh
 u - 42 fruits
 v - 4 meat rations


   Skills:
 + Level 10.2 Fighting
 + Level 10.4 Dodging
 - Level 2.6 Stealth
 * Level 12.1 Shields
 + Level 10.5 Unarmed Combat


You had 2 spell levels left.
You knew the following spells:

 Your Spells              Type           Power        Failure   Level  Hunger
a - Statue Form           Trmt/Erth      #........    100%        6    #######


Dungeon Overview and Level Annotations

Branches:
Dungeon (1/1)

Altars:
Ashenzari
Cheibriados
Dithmenos
Elyvilon
Fedhas
Gozag
Kikubaaqudgha
Makhleb
Nemelex Xobeh
Okawaru
Pakellas
Qazlal
Ru
Sif Muna
Trog
Vehumet
Xom
Yredelemnul
Zin
The Shining One
Beogh
Jiyva
Lugonu


Innate Abilities, Weirdness & Mutations

You cannot wear most types of armour.
You are amphibious.
You can wear up to eight rings at the same time.
You can use your tentacles to constrict eight enemies at once.
Your skin changes colour to match your surroundings (Stealth).
Your rubbery body absorbs attacks (AC +1).


Message History

You constrict the vault guard. You constrict the green ugly thing.
You constrict the vault guard.
You block the green ugly thing's attack.
The griffon completely misses you. The griffon misses you.
You block the griffon's attack. The vault guard completely misses you.
Unknown command.
You tentacle-slap the vault guard but do no damage.
The vault guard is lightly wounded.
You constrict the vault guard. You constrict the green ugly thing.
You constrict the vault guard, but do no damage.
You block the vault guard's attack.
Unknown command.
You bludgeon the vault guard! You squeeze the vault guard.
The vault guard is moderately wounded.
You constrict the vault guard. You constrict the green ugly thing.
You constrict the vault guard.
The green ugly thing closely misses you.
You block the polar bear's attack. x3
The vault guard hits you with a battleaxe!!
You die...

▓.........▓.......▓
▓▓▓▓▓▓▓▓▓▓▓▓▓▓▓▓▓▓▓
▓...8©8...▓..8©8..▓
▓..}|.:)..▓..)[[..▓
▓...[[}...▓..))[..▓
▓.........▓.......▓
▓....c....▓..)....▓
▓...upH...▓..)....▓
▓...p@p...▓.......▓
▓.▓.h...▓.▓.......▓
▓.........▓.......▓
▓▓▓▓▓▓▓▓▓▓▓▓▓▓▓▓▓▓▓


You could see 3 vault guards, a griffon, a green ugly thing, a polar bear shaped
shifter and a yaktaur.

Vanquished Creatures
  A komodo dragon (D)
  A slime creature (D)
  A redback (D)
  3 tarantellas (D)
  A yak (D)
  A hell hound (D)
  2 eyes of draining (D)
  2 necrophages (D)
  A phantom (D)
  A wolf (D)
  A giant frog (D)
  A scorpion (D)
  2 wights (D)
  A crimson imp (D)
  A quasit (D)
  A jelly (D)
  3 orc wizards (D)
  A sheep (D)
  A white imp (D)
  An adder zombie (D)
  3 orcs (D)
  A bat skeleton (D)
  2 bat zombies (D)
  A jackal (D)
  A ball python zombie (D)
35 creatures vanquished.

Vanquished Creatures (others)
  A spatial maelstrom (D)
1 creature vanquished.

Grand Total: 36 creatures vanquished

Notes
Turn   | Place    | Note
--------------------------------------------------------------
     0 | D        | Joat the Octopode Monk began the quest for the Orb.
     0 | D        | Reached XP level 1. HP: 16/16 MP: 1/1
     0 | D        | Found an iron altar of Okawaru.
     0 | D        | Found a radiant altar of Vehumet.
     0 | D        | Found a burning altar of Makhleb.
     0 | D        | Found a shimmering altar of Xom.
     0 | D        | Found a deep blue altar of Sif Muna.
     1 | D        | Found a bloodstained altar of Trog.
     2 | D        | Found a roughly hewn altar of Beogh.
     2 | D        | Found a viscous altar of Jiyva.
     2 | D        | Found a corrupted altar of Lugonu.
     2 | D        | Found a white marble altar of Elyvilon.
     2 | D        | Found a sparkling altar of Nemelex Xobeh.
     4 | D        | Banished a spatial maelstrom
    88 | D        | Reached skill level 3 in Shields
    88 | D        | Reached skill level 5 in Unarmed Combat
    88 | D        | Reached XP level 2. HP: 23/23 MP: 2/2
    93 | D        | Became a worshipper of Vehumet
    93 | D        | Reached * piety under Vehumet
    93 | D        | Offered knowledge of Sandblast by Vehumet.
    93 | D        | Reached ** piety under Vehumet
    98 | D        | Entered arena 1.
   103 | D        | Reached skill level 5 in Fighting
   103 | D        | Reached skill level 5 in Dodging
   103 | D        | Reached XP level 3. HP: 29/29 MP: 3/3
   104 | D        | Reached skill level 4 in Shields
   104 | D        | Reached XP level 4. HP: 35/35 MP: 4/4
   110 | D        | Entered arena 2.
   110 | D        | Noticed a hell hound
   118 | D        | Reached *** piety under Vehumet
   119 | D        | Killed a hell hound
   119 | D        | Reached skill level 5 in Shields
   119 | D        | Reached XP level 5. HP: 33/42 MP: 5/5
   178 | D        | Entered arena 3.
   186 | D        | Reached skill level 6 in Shields
   187 | D        | Reached **** piety under Vehumet
   208 | D        | Entered arena 4.
   208 | D        | Noticed an eye of draining
   208 | D        | Noticed a slime creature
   208 | D        | Noticed an eye of draining
   217 | D        | HP: 1/42 [slime creature (22)]
   219 | D        | Killed a slime creature
   219 | D        | Reached skill level 7 in Shields
   219 | D        | Reached XP level 6. HP: 25/49 MP: 3/6
   226 | D        | Killed an eye of draining
   226 | D        | Reached skill level 8 in Shields
   226 | D        | Reached XP level 7. HP: 24/54 MP: 0/7
   234 | D        | Identified the Disquisition on the Ashen Voyage (You found it in the Dungeon)
   234 | D        | Identified the Disquisition on the Ashen Voyage (You found it in the Dungeon)
   397 | D        | Entered arena 5.
   399 | D        | Offered knowledge of Magic Dart by Vehumet.
   399 | D        | Reached ***** piety under Vehumet
   406 | D        | Reached skill level 9 in Shields
   418 | D        | Learned a level 6 spell: Statue Form
   423 | D        | Entered arena 6.
   423 | D        | Noticed a tarantella
   423 | D        | Noticed a redback
   423 | D        | Noticed a tarantella
   423 | D        | Noticed a jumping spider
   423 | D        | Noticed a tarantella
   430 | D        | Killed a redback
   433 | D        | Killed a tarantella
   433 | D        | Reached skill level 10 in Shields
   433 | D        | Reached XP level 8. HP: 21/63 MP: 8/8
   434 | D        | Killed a tarantella
   435 | D        | Killed a tarantella
   462 | D        | Identified Eckoanlu's Collected Works on the Freezing Arsonist (You found it in the Dungeon)
   679 | D        | Entered arena 7.
   683 | D        | Offered knowledge of Searing Ray by Vehumet.
   683 | D        | Reached ****** piety under Vehumet
   685 | D        | Reached skill level 11 in Shields
   691 | D        | Reached skill level 10 in Unarmed Combat
   696 | D        | Reached skill level 10 in Dodging
   696 | D        | Reached XP level 9. HP: 66/70 MP: 9/9
   708 | D        | Entered arena 8.
   708 | D        | Noticed a komodo dragon
   723 | D        | Killed a komodo dragon
   723 | D        | Reached skill level 10 in Fighting
   723 | D        | Reached skill level 12 in Shields
   747 | D        | Got the ring of the Tempest {+Inv rElec rC++ Str-5 Stlth-}
   768 | D        | Entered arena 9.
   768 | D        | Noticed a vault guard
   768 | D        | Noticed a vault guard
   768 | D        | Noticed a yaktaur
   768 | D        | Noticed a yaktaur
   768 | D        | Noticed a griffon
   768 | D        | Noticed a green ugly thing
   768 | D        | Noticed a vault guard
   771 | D        | Noticed a polar bear
   771 | D        | a yak changed into a polar bear
   782 | D        | Slain by a vault guard

Skill      XL: |  1  2  3  4  5  6  7  8  9 |
---------------+----------------------------+-----
Fighting       | 4 5 6 7 8 9 10 | 10.2
Dodging        | 4 5 6 7 8 9 10 | 10.4
Shields        | 3 4 5 7 8 10 11 12 | 12.1
Unarmed Combat | 5 6 7 8 9 10 | 10.5
Stealth        | |  2.6

Action                   |  1- 3 |  4- 6 |  7- 9 || total
-------------------------+-------+-------+-------++-------
Melee: Unarmed           |     4 |    29 |    62 ||    95
       Tentacles         |     3 |    17 |    27 ||    47
       Constrict         |     2 |     9 |    17 ||    28
       Punch             |     2 |     5 |    16 ||    23
  Use: Potion            |     1 |     1 |     4 ||     6
 Stab: Distracted        |       |     1 |       ||     1
       Sleeping          |       |     1 |       ||     1
Armor: Skin              |       |       |     2 ||     2
Dodge: Dodged            |       |     3 |    60 ||    63
Block: Shield            |     6 |    32 |   111 ||   149
